[Event "FIDE World Rapid Chess Championship 2021"]
[White "Harikrishna, Pentala"]
[Black "Sanal, Vahap"]
[WhiteFideId "5007003"]
[BlackFideId "6300545"]
[WhiteElo "2705"]
[BlackElo "2509"]
[Result "0-1"]
[Round "06"]
[TimeControl "900+10"]
[Date "2021.12.27"]
[WhiteClock "0:00:15"]
[BlackClock "0:03:20"]

1. d4 Nf6 2. c4 e6 3. Nc3 Bb4 4. e3 c5 5. Nf3 Nc6 6. Bd2 cxd4 7. Nxd4 O-O 8. a3 Be7 9. Bd3 d5 10. cxd5 Nxd4 11. exd4 Nxd5 12. O-O Bf6 13. Qg4 g6 14. Bh6 Bg7 15. Bg5 Qb6 16. Rfd1 Qxb2 17. Nb5 Qb3 18. Qh4 a6 19. Nd6 Qb6 20. Ne4 Qxd4 21. Rac1 Qe5 22. Be7 Nxe7 23. Qxe7 b6 24. Nd6 Bh6 25. Re1 Qg5 26. Qc7 Qa5 27. Nc4 Qc5 28. Nxb6 Qxc7 29. Rxc7 Rb8 30. Nxc8 Rfxc8 31. Rxc8+ Rxc8 32. Bxa6 Ra8 33. Bc4 Rxa3 34. g3 Rc3 35. Bb5 Rc5 36. Bd3 Rc3 37. Bb5 Rc5 38. Be2 Bg7 39. Rd1 Bf6 40. Rd7 Kf8 41. h4 Be7 42. Rb7 Rc2 43. Kf1 Bf6 44. h5 Bd4 45. Rd7 Bf6 46. Bf3 Kg7 47. Bg4 Kf8 48. Be2 Rc5 49. hxg6 hxg6 50. Bd3 Ra5 51. Bc4 Ra1+ 52. Kg2 Rc1 53. Bd3 Rd1 54. Bb5 Rb1 55. Bd3 Rb2 56. Kf1 Ke8 57. Rc7 Rd2 58. Bb5+ Kf8 59. Rd7 Rb2 60. Be2 Be7 61. Rc7 Bd6 62. Rc8+ Ke7 63. Bd3 Rd2 64. Bb5 Be5 65. Be2 Bd4 66. Rc7+ Ke8 67. f4 Rb2 68. Rc4 Bb6 69. Rc8+ Ke7 70. Rb8 Rb1+ 71. Kg2 Rg1+ 72. Kf3 Ba5 73. Rb7+ Kf8 74. g4 Be1 75. f5 Rg3+ 76. Kf4 Rc3 77. fxg6 Bd2+ 78. Ke5 Re3+ 79. Kf6 Bc3+ 80. Kg5 f6+ 0-1


[Site "http://www.Chess.com"]

[Event "FIDE World Rapid Chess Championship 2021"]
[White "Mamedov, Rauf"]
[Black "Faizrakhmanov, Ramil"]
[WhiteFideId "13401653"]
[BlackFideId "24103209"]
[WhiteElo "2690"]
[BlackElo "2461"]
[Result "1-0"]
[Round "06"]
[TimeControl "900+10"]
[Date "2021.12.27"]
[WhiteClock "0:00:00"]
[BlackClock "0:00:00"]

1. g3 Nf6 2. Bg2 d5 3. d3 c6 4. Nd2 e5 5. e4 Bd6 6. Ngf3 O-O 7. O-O Nbd7 8. Re1 Re8 9. a3 a5 10. b3 h6 11. Bb2 d4 12. c3 dxc3 13. Bxc3 b5 14. d4 Bb7 15. Qc2 c5 16. dxe5 Nxe5 17. Bxe5 Bxe5 18. Nxe5 Rxe5 19. a4 c4 20. Qc3 Qe7 21. axb5 cxb3 22. Qxb3 Qb4 23. Qxb4 axb4 24. Rxa8+ Bxa8 25. Ra1 Bb7 26. Ra7 Rxb5 27. Bf1 Rb6 28. Nc4 Rb5 29. Nd6 Rb6 30. Rxb7 Rxb7 31. Nxb7 Nxe4 32. Na5 Nd2 33. Bc4 g5 34. Ba2 Kg7 35. Nb3 Nf3+ 36. Kg2 Ne1+ 37. Kf1 Nf3 38. h3 f5 39. Nc5 Kf6 40. Bd5 Nd4 41. f4 Ke7 42. Nb3 Kd6 43. Bg8 Nc6 44. Ke2 Ne7 45. Bf7 Nc6 46. Ke3 Nd8 47. Bg8 Nc6 48. Nd4 Ne7 49. Bh7 Kc5 50. Nxf5 Nd5+ 51. Kf3 gxf4 52. gxf4 b3 53. Nxh6 b2 54. Ng4 Nc3 55. h4 Kd6 56. h5 Ke7 57. h6 Kf8 58. Ne5 b1=Q 59. Bxb1 Nxb1 60. f5 Nc3 61. f6 Nd5 62. h7 1-0


[Site "http://www.Chess.com"]

[Event "FIDE World Rapid Chess Championship 2021"]
[White "Dragnev, Valentin"]
[Black "Riazantsev, Alexander"]
[WhiteFideId "1634852"]
[BlackFideId "4125029"]
[WhiteElo "2409"]
[BlackElo "2632"]
[Result "0-1"]
[Round "06"]
[TimeControl "900+10"]
[Date "2021.12.27"]
[WhiteClock "0:00:21"]
[BlackClock "0:00:14"]

1. e4 c6 2. Nc3 d5 3. Nf3 Bg4 4. h3 Bxf3 5. Qxf3 e6 6. Be2 d4 7. Nb1 Nd7 8. d3 Bd6 9. h4 h5 10. Qh3 Ne7 11. g3 Ng6 12. Nd2 Bc7 13. O-O Qe7 14. c3 c5 15. cxd4 cxd4 16. Nf3 Bb6 17. Bg5 f6 18. Bd2 Nge5 19. Nxe5 Nxe5 20. Rac1 g5 21. hxg5 fxg5 22. f4 g4 23. Qh2 Nc6 24. Bxg4 O-O-O 25. Bf3 Kb8 26. a3 Rdg8 27. Kf2 e5 28. f5 Qf7 29. Rc4 Bd8 30. Ke2 Bg5 31. Be1 Rh6 32. Kd1 Rc8 33. Qc2 a6 34. Be2 Be3 35. Qb3 Ka7 36. a4 Bg5 37. Kc2 Rb8 38. Rc5 Qf8 39. Rd5 Rc8 40. Kb1 Ka8 41. Rd7 Rb8 42. Rd5 Rc8 43. Bd1 Qe7 44. Rf2 h4 45. Rf1 0-1


[Site "http://www.Chess.com"]

[Event "FIDE World Rapid Chess Championship 2021"]
[White "Sychev, Klementy"]
[Black "Heimann, Andreas"]
[WhiteFideId "4114060"]
[BlackFideId "24624632"]
[WhiteElo "2461"]
[BlackElo "2616"]
[Result "1/2-1/2"]
[Round "06"]
[TimeControl "900+10"]
[Date "2021.12.27"]
[WhiteClock "0:03:29"]
[BlackClock "0:06:05"]

1. d4 Nf6 2. c4 e6 3. Nf3 d5 4. Nc3 Bb4 5. Bg5 h6 6. Bxf6 Qxf6 7. Qa4+ Nc6 8. e3 O-O 9. Be2 dxc4 10. O-O Qe7 11. a3 Bxc3 12. bxc3 Qd6 13. Bxc4 b6 14. Bd3 Bb7 15. Be4 Na5 16. Bxb7 Nxb7 17. Rfd1 c5 18. Ne5 cxd4 19. cxd4 Rfc8 20. Rac1 Na5 21. Qb4 Qd8 22. h3 Rc7 23. Rxc7 Qxc7 24. Nd3 Rc8 25. Rc1 Qd7 26. Rxc8+ Qxc8 27. Qe7 Nc6 28. Qd6 Kh7 29. h4 Na5 30. Qe7 Qc3 31. Nf4 Qe1+ 32. Kh2 Qxf2 33. Qxf7 Qxh4+ 34. Kg1 Qe1+ 1/2-1/2


[Site "http://www.Chess.com"]

[Event "FIDE World Rapid Chess Championship 2021"]
[White "Dziuba, Marcin"]
[Black "Ponkratov, Pavel"]
[WhiteFideId "1112953"]
[BlackFideId "4157800"]
[WhiteElo "2424"]
[BlackElo "2614"]
[Result "0-1"]
[Round "06"]
[TimeControl "900+10"]
[Date "2021.12.27"]
[WhiteClock "0:05:11"]
[BlackClock "0:04:45"]

1. d4 d5 2. c4 dxc4 3. Nf3 Nf6 4. e3 Bg4 5. Bxc4 e6 6. h3 Bh5 7. O-O Bd6 8. Nbd2 Nbd7 9. Be2 O-O 10. b3 c5 11. Bb2 Rc8 12. Nc4 Bb8 13. a4 Qc7 14. Nfe5 cxd4 15. Bxd4 Bxe2 16. Qxe2 Nd5 17. g3 f6 18. Nxd7 Qxd7 19. Rfd1 Qf7 20. Rd2 h5 21. h4 Qg6 22. Rad1 Ne7 23. Qf3 Nf5 24. Kf1 Rf7 25. Bb2 Kh7 26. e4 Nh6 27. Rd7 Ng4 28. Rxf7 Nh2+ 0-1


[Site "http://www.Chess.com"]

[Event "FIDE World Rapid Chess Championship 2021"]
[White "Holm, Kristian Stuvik"]
[Black "Halkias, Stelios"]
[WhiteFideId "1508083"]
[BlackFideId "4201809"]
[WhiteElo "2409"]
[BlackElo "2576"]
[Result "1-0"]
[Round "06"]
[TimeControl "900+10"]
[Date "2021.12.27"]
[WhiteClock "0:04:15"]
[BlackClock "0:01:23"]

1. d4 d5 2. c4 e6 3. Nc3 c5 4. cxd5 exd5 5. Nf3 Nc6 6. dxc5 d4 7. Na4 b5 8. cxb6 axb6 9. e3 Bb4+ 10. Bd2 Bd7 11. Bb5 Bxd2+ 12. Qxd2 Ra5 13. Nxd4 Nxd4 14. Bxd7+ Qxd7 15. Nxb6 Qb5 16. Qxd4 Nf6 17. Nc4 Qb4+ 18. Qd2 Qxc4 19. Qxa5 O-O 20. Qc3 Qa6 21. Rc1 Nd5 22. Qa3 Qb5 23. Rc5 Qb7 24. O-O Nf6 25. Rfc1 h5 26. h3 Qe4 27. Rc8 Rxc8 28. Rxc8+ Kh7 29. Qc3 Qb1+ 30. Kh2 1-0


[Site "http://www.Chess.com"]

[Event "FIDE World Rapid Chess Championship 2021"]
[White "Szpar, Milosz"]
[Black "Ter-Sahakyan, Samvel"]
[WhiteFideId "1184989"]
[BlackFideId "13302531"]
[WhiteElo "2315"]
[BlackElo "2573"]
[Result "1/2-1/2"]
[Round "06"]
[TimeControl "900+10"]
[Date "2021.12.27"]
[WhiteClock "0:00:42"]
[BlackClock "0:01:33"]

1. e4 c5 2. Nf3 d6 3. c3 Nf6 4. h3 g6 5. Bd3 Bg7 6. Bc2 O-O 7. d4 Nc6 8. O-O e5 9. dxc5 dxc5 10. Qxd8 Rxd8 11. Bg5 h6 12. Bxf6 Bxf6 13. Nbd2 b5 14. Rfd1 Be6 15. Nf1 h5 16. Ne3 Na5 17. Bd3 a6 18. Be2 Kg7 19. b3 Nb7 20. Rxd8 Rxd8 21. Rd1 Rxd1+ 22. Bxd1 Nd6 23. Bc2 c4 24. b4 Kf8 25. Kf1 Bg7 26. g4 Bc8 27. Ke2 hxg4 28. hxg4 Bb7 29. Nd2 Bh6 30. f3 Ke7 31. a4 Bc6 32. axb5 axb5 33. Ndf1 Bf4 34. Ng2 Bg5 35. Nge3 Ne8 36. Ng3 Nc7 37. Kf2 Ne6 38. Ne2 Bh4+ 39. Kg2 Be1 40. Kf1 Bd2 41. Nd1 Kf6 42. Ng1 Nf4 43. Ne2 Kg5 44. Kf2 Bb7 45. Bb1 Kh4 46. Nxf4 exf4 47. Kg2 Be3 48. Bc2 Bb6 49. Bb1 Bc7 50. Bc2 Be5 51. Bb1 Bc8 52. Bc2 Bd7 53. Bb1 Kg5 54. Bc2 Kf6 55. Bb1 Ke7 56. Bc2 Bf6 57. Kh3 Kd6 58. Bb1 Bd8 59. Bc2 Ke5 60. Bb1 Be7 61. Bc2 Bc6 62. Kg2 Bh4 63. Nf2 Bg3 64. Nd1 Be1 65. Bb1 Bd7 66. Bc2 Be6 67. Bb1 f5 68. gxf5 gxf5 69. exf5 Bxf5 70. Bxf5 Kxf5 71. Kf1 Bg3 72. Nf2 Bxf2 1/2-1/2


[Site "http://www.Chess.com"]

[Event "FIDE World Rapid Chess Championship 2021"]
[White "Ghaem Maghami, Ehsan"]
[Black "Gumularz, Szymon"]
[WhiteFideId "12500739"]
[BlackFideId "1188062"]
[WhiteElo "2553"]
[BlackElo "2452"]
[Result "1-0"]
[Round "06"]
[TimeControl "900+10"]
[Date "2021.12.27"]
[WhiteClock "0:00:13"]
[BlackClock "0:00:28"]

1. c4 Nf6 2. Nc3 e5 3. g3 d5 4. cxd5 Nxd5 5. Bg2 Nb6 6. d3 Be7 7. a3 O-O 8. Nf3 Nc6 9. b4 Be6 10. Bb2 a5 11. b5 Nd4 12. O-O f6 13. Nd2 Qc8 14. e3 Nf5 15. a4 Rd8 16. Qc2 Nh6 17. Rfc1 Rb8 18. Nb3 Ra8 19. d4 Nc4 20. Ne4 Nxb2 21. Qxb2 Nf7 22. Nec5 Bd5 23. Bxd5 Rxd5 24. e4 Rd8 25. d5 Ng5 26. Qe2 b6 27. Nd3 Bd6 28. h4 Nf7 29. Nd2 Qd7 30. Nc4 Rf8 31. Rc2 Be7 32. Rac1 Rae8 33. Ne3 Bd8 34. Rc6 g6 35. Qg4 Qxg4 36. Nxg4 Nd6 37. Re1 Kg7 38. f3 Rf7 39. Kg2 Rfe7 40. Ne3 Rd7 41. Rec1 f5 42. Nf2 Rf7 43. Nc4 Nb7 44. Nd3 Bf6 45. Ne3 fxe4 46. fxe4 Nd6 47. Rxc7 Nxe4 48. Rxf7+ Kxf7 49. Ng4 Bg7 50. Rc6 h5 51. Ne3 Rd8 52. Rxb6 Nc3 53. Nc5 Bh6 54. Nc4 Rxd5 55. Rc6 Bf8 56. b6 Bxc5 57. Rxc5 Rd8 58. b7 Rb8 59. Nxa5 Nxa4 60. Rc8 1-0


[Site "http://www.Chess.com"]

[Event "FIDE World Rapid Chess Championship 2021"]
[White "Klimkowski, Jan"]
[Black "Kozak, Adam"]
[WhiteFideId "21856222"]
[BlackFideId "753246"]
[WhiteElo "2211"]
[BlackElo "2552"]
[Result "0-1"]
[Round "06"]
[TimeControl "900+10"]
[Date "2021.12.27"]
[WhiteClock "0:00:40"]
[BlackClock "0:00:25"]

1. d4 Nf6 2. c4 e6 3. Nf3 b6 4. g3 Bb4+ 5. Bd2 Be7 6. Bg2 c6 7. O-O d5 8. Nc3 O-O 9. Bf4 Nbd7 10. Qc2 Ba6 11. cxd5 cxd5 12. Qa4 Qc8 13. Rfc1 Qc4 14. Qd1 Qc6 15. a4 Rac8 16. Nb5 Qb7 17. Nc7 Nh5 18. Nxa6 Nxf4 19. gxf4 Qxa6 20. e3 Bd6 21. Qb3 Rxc1+ 22. Rxc1 Rc8 23. Rc2 Qb7 24. Bf1 Nf6 25. Bd3 g6 26. Rxc8+ Qxc8 27. Qc2 Qxc2 28. Bxc2 Kf8 29. Kf1 h6 30. h3 Ke7 31. Ke2 Nd7 32. Bd3 Nf6 33. Bc2 Ne8 34. Bd3 Nc7 35. Ne1 g5 36. fxg5 hxg5 37. Nf3 f6 38. Nd2 Ne8 39. e4 dxe4 40. Bxe4 f5 41. Bc6 Nf6 42. Bf3 Nd7 43. Nc4 Nf8 44. Bh5 Bc7 45. b4 Nd7 46. Bf3 Nf6 47. b5 Kd7 48. Bc6+ Kd8 49. Bf3 Ke7 50. Kd3 Nh7 51. Ke2 Nf8 52. Bh5 Kf6 53. Kf3 e5 54. dxe5+ Bxe5 55. a5 bxa5 56. Nxa5 Ne6 57. Nc6 Bd4 58. Be8 Bb6 59. Bd7 Nc5 60. Bc8 Ne4 61. Nb4 Nd2+ 62. Ke2 Ne4 63. Kf3 Bc5 64. Nd3 Bd6 65. Bb7 Nd2+ 66. Ke2 Nb3 67. Ke3 Bc7 68. f4 Bb6+ 69. Kf3 Nd4+ 70. Kg3 gxf4+ 71. Nxf4 Bc7 72. h4 Ne2+ 73. Kf3 Nxf4 0-1


[Site "http://www.Chess.com"]

[Event "FIDE World Rapid Chess Championship 2021"]
[White "Asadli, Vugar"]
[Black "Piorun, Kacper"]
[WhiteFideId "13405764"]
[BlackFideId "1130420"]
[WhiteElo "2309"]
[BlackElo "2547"]
[Result "0-1"]
[Round "06"]
[TimeControl "900+10"]
[Date "2021.12.27"]
[WhiteClock "0:00:36"]
[BlackClock "0:00:57"]

1. e4 e5 2. Nf3 Nc6 3. Bc4 Bc5 4. c3 Nf6 5. d4 exd4 6. e5 d5 7. Bb5 Ne4 8. cxd4 Bb6 9. Nc3 O-O 10. Be3 f5 11. exf6 Nxc3 12. bxc3 Qxf6 13. O-O Bg4 14. Be2 Rae8 15. h3 Bh5 16. a4 a6 17. Rb1 Qd6 18. Nd2 Bg6 19. Rb2 Na5 20. Bh5 Re6 21. Bg4 Re7 22. Bg5 Ree8 23. Bh4 Qa3 24. Qc1 Qxa4 25. Rb4 Qc6 26. Qa3 Nc4 27. Nxc4 dxc4 28. Rb2 Be4 29. f4 Bd3 30. Rff2 Bf5 31. Be7 Rf7 32. Bxf5 Rxf5 33. Rbe2 Qd7 34. Qb4 Rf7 35. Bh4 Rxe2 36. Rxe2 Qb5 37. Qa3 Rxf4 38. Qe7 h6 39. Bg3 Rf7 40. Qd8+ Rf8 41. Qe7 Qf5 42. Kh2 Qf7 43. Qb4 a5 44. Qb5 Kh7 45. Bh4 Qf4+ 46. Bg3 Qf7 47. Bh4 Ra8 48. Re7 Qg6 49. Bg3 Rf8 50. Qxc4 Re8 51. Rf7 Qe6 52. Qd3+ Kg8 53. Rf1 a4 54. Ra1 Ra8 55. c4 c6 56. Re1 Qd7 57. d5 a3 58. Ra1 Bc5 59. Qb3 Kh8 60. Ra2 cxd5 61. cxd5 Bd6 62. Rd2 Bxg3+ 63. Kxg3 Qd6+ 64. Kf2 Qf4+ 65. Ke2 Qxd2+ 0-1


[Site "http://www.Chess.com"]

[Event "FIDE World Rapid Chess Championship 2021"]
[White "Vokhidov, Shamsiddin"]
[Black "Aziz, Husain"]
[WhiteFideId "14204223"]
[BlackFideId "12100293"]
[WhiteElo "2546"]
[BlackElo "2430"]
[Result "1-0"]
[Round "06"]
[TimeControl "900+10"]
[Date "2021.12.27"]
[WhiteClock "0:00:51"]
[BlackClock "0:00:41"]

1. e4 e5 2. Nf3 Nc6 3. Bb5 Nf6 4. d3 d6 5. O-O Bd7 6. Re1 g6 7. d4 Bg7 8. d5 Ne7 9. Bxd7+ Nxd7 10. Be3 O-O 11. c4 Kh8 12. Nc3 Ng8 13. a4 a5 14. g3 Bh6 15. Nh4 Bxe3 16. Rxe3 Ngf6 17. Qe2 Nc5 18. Qc2 c6 19. Rd1 Qe7 20. Re2 cxd5 21. exd5 Qd7 22. Nb5 Ne8 23. f4 f6 24. f5 g5 25. Ng2 Nc7 26. Nc3 N7a6 27. b3 Nb4 28. Qb1 h5 29. h3 Kg7 30. Ne3 Rh8 31. Nb5 h4 32. g4 Rhc8 33. Nc2 Nbd3 34. Ncd4 Nf4 35. Ne6+ Ncxe6 36. fxe6 Qd8 37. Rh2 Qb6+ 38. Kh1 Qe3 39. Rf1 Ra6 40. Qd1 Kf8 41. Qf3 Qxf3+ 42. Rxf3 Ke7 43. Rc3 Rb6 44. Rd2 e4 45. Nd4 Nd3 46. Nf5+ Kd8 47. Rdxd3 exd3 48. Rxd3 Kc7 49. Kg2 Rb4 50. Re3 b5 51. cxb5 Kb6 52. Re2 1-0


[Site "http://www.Chess.com"]

[Event "FIDE World Rapid Chess Championship 2021"]
[White "Donchenko, Alexander"]
[Black "Vastrukhin, Oleg"]
[WhiteFideId "24603295"]
[BlackFideId "4192770"]
[WhiteElo "2535"]
[BlackElo "2382"]
[Result "0-1"]
[Round "06"]
[TimeControl "900+10"]
[Date "2021.12.27"]
[WhiteClock "0:00:15"]
[BlackClock "0:00:45"]

1. d4 g6 2. c4 Bg7 3. Nc3 d6 4. Nf3 e5 5. dxe5 dxe5 6. Qxd8+ Kxd8 7. g3 c6 8. Bg2 f6 9. b4 Be6 10. Nd2 Nh6 11. b5 Nf7 12. Ba3 f5 13. O-O-O Kc7 14. bxc6 bxc6 15. Bb4 a5 16. Ba3 Na6 17. Nb3 e4 18. Bb2 Nb4 19. Nc5 Rhe8 20. a3 Bxc3 21. Bxc3 Na2+ 22. Kc2 Nxc3 23. Kxc3 Ne5 24. f3 Bg8 25. fxe4 Nxc4 26. Rd7+ Kc8 27. a4 Ne3 28. Bf3 fxe4 29. Bxe4 Rxe4 30. Rg7 Re8 31. Kd4 0-1


[Site "http://www.Chess.com"]

[Event "FIDE World Rapid Chess Championship 2021"]
[White "Gabuzyan, Hovhannes"]
[Black "Wieczorek, Oskar"]
[WhiteFideId "13303732"]
[BlackFideId "1133950"]
[WhiteElo "2535"]
[BlackElo "2367"]
[Result "1-0"]
[Round "06"]
[TimeControl "900+10"]
[Date "2021.12.27"]
[WhiteClock "0:10:18"]
[BlackClock "0:01:43"]

1. c4 g6 2. Nc3 Bg7 3. g3 e5 4. Bg2 d6 5. d3 f5 6. e3 Nf6 7. Nge2 O-O 8. O-O a5 9. b3 c6 10. e4 Na6 11. h3 f4 12. gxf4 Nh5 13. f5 gxf5 14. Ng3 Nf4 15. exf5 Nc5 16. d4 Nxg2 17. dxc5 Nf4 18. Kh2 Bxf5 19. Nxf5 Rxf5 20. Qg4 Rg5 21. Qf3 d5 22. cxd5 cxd5 23. Bxf4 exf4 24. Rg1 h6 25. Rad1 Bxc3 26. Qxc3 Kh7 27. Qd3+ Kh8 28. Qd4+ Kh7 29. Rxg5 hxg5 30. Qe5 Qg8 31. Rxd5 Re8 32. Qf5+ Kh8 33. Rd7 1-0


[Site "http://www.Chess.com"]

[Event "FIDE World Rapid Chess Championship 2021"]
[White "Pichot, Alan"]
[Black "Kuzmicz, Krystian"]
[WhiteFideId "110973"]
[BlackFideId "1119125"]
[WhiteElo "2523"]
[BlackElo "2314"]
[Result "1-0"]
[Round "06"]
[TimeControl "900+10"]
[Date "2021.12.27"]
[WhiteClock "0:00:00"]
[BlackClock "0:00:00"]

1. e4 d5 2. exd5 Qxd5 3. Nc3 Qd8 4. d4 Nf6 5. Nf3 Bg4 6. Bf4 e6 7. h3 Bxf3 8. Qxf3 c6 9. O-O-O Bb4 10. Ne4 Nxe4 11. Qxe4 Qd5 12. Qxd5 cxd5 13. Bd3 Nc6 14. c3 Be7 15. Rhe1 Kd7 16. Re2 Bd6 17. Bd2 Rhc8 18. Kb1 a6 19. f4 g6 20. g4 f5 21. Rde1 Re8 22. b4 Re7 23. a4 Rf8 24. Rf1 Ref7 25. Ref2 Ne7 26. Ka2 Nc8 27. Kb3 Bc7 28. gxf5 gxf5 29. Rg1 Nd6 30. Rfg2 Ne4 31. Be3 Bd6 32. Rg7 Ke7 33. Be2 Rxg7 34. Rxg7+ Rf7 35. Rg1 Rf6 36. Rg7+ Rf7 37. Rxf7+ Kxf7 38. c4 dxc4+ 39. Kxc4 Nf6 40. Bf3 Nd5 41. Bxd5 exd5+ 42. Kxd5 Bxb4 43. Ke5 b5 44. axb5 axb5 45. Kxf5 Bd6 46. Ke4 b4 47. Kd3 Ke6 48. Kc4 Kf5 49. Bd2 Ke4 50. f5 b3 51. Bc3 Kxf5 52. Kxb3 Kf4 53. Be1 Kf3 54. Kc4 Ke2 55. Bh4 Kf3 56. Bd8 h5 57. Kd5 Bg3 58. h4 Ke3 59. Bf6 Kf4 60. Be5+ Kg4 61. Bxg3 Kxg3 62. Ke5 1-0


[Site "http://www.Chess.com"]

[Event "FIDE World Rapid Chess Championship 2021"]
[White "Christiansen, Johan-Sebastian"]
[Black "Kanarek, Marcel"]
[WhiteFideId "1512668"]
[BlackFideId "1126822"]
[WhiteElo "2522"]
[BlackElo "2296"]
[Result "1-0"]
[Round "06"]
[TimeControl "900+10"]
[Date "2021.12.27"]
[WhiteClock "0:04:52"]
[BlackClock "0:00:59"]

1. e4 c5 2. Nf3 e6 3. c3 d5 4. exd5 exd5 5. d4 c4 6. b3 cxb3 7. axb3 Nc6 8. Bd3 Nf6 9. O-O Be7 10. h3 O-O 11. Re1 h6 12. b4 Be6 13. Nbd2 Ne8 14. Nb3 b6 15. Ne5 Qc8 16. Ba6 Qc7 17. Ng6 fxg6 18. Rxe6 Rf6 19. Qe1 Qd7 20. Re2 Nd6 21. b5 Ne4 22. bxc6 Qxc6 23. Bd3 1-0


[Site "http://www.Chess.com"]

[Event "FIDE World Rapid Chess Championship 2021"]
[White "Smirin, Ilia"]
[Black "Krasenkow, Michal"]
[WhiteFideId "2801990"]
[BlackFideId "1113100"]
[WhiteElo "2663"]
[BlackElo "2430"]
[Result "1/2-1/2"]
[Round "06"]
[TimeControl "900+10"]
[Date "2021.12.27"]
[WhiteClock "0:02:11"]
[BlackClock "0:01:09"]

1. e4 e5 2. Nf3 Nf6 3. d4 exd4 4. e5 Ne4 5. Qxd4 d5 6. exd6 Nxd6 7. Bd3 Nc6 8. Qf4 g6 9. O-O Bg7 10. Re1+ Be6 11. Ng5 O-O 12. Nxe6 fxe6 13. Qg4 Bd4 14. Qxe6+ Kh8 15. Re2 Qh4 16. g3 Qh5 17. Nc3 Rae8 18. Qd5 Qxd5 19. Nxd5 Rxe2 20. Bxe2 Rxf2 21. Bd3 Rxc2+ 22. Kh1 Rf2 23. Bf4 Rxb2 24. Re1 Rxa2 25. Nxc7 Nf5 26. Re8+ Kg7 27. Bc4 Ra1+ 28. Kg2 h6 29. Ne6+ Kf7 30. Nc7+ Kg7 31. Ne6+ Kf7 1/2-1/2


[Site "http://www.Chess.com"]

[Event "FIDE World Rapid Chess Championship 2021"]
[White "Dvirnyy, Danyyil"]
[Black "Peng, Li Min"]
[WhiteFideId "817570"]
[BlackFideId "14112620"]
[WhiteElo "2550"]
[BlackElo "2411"]
[Result "1-0"]
[Round "06"]
[TimeControl "900+10"]
[Date "2021.12.27"]
[WhiteClock "0:00:51"]
[BlackClock "0:01:34"]

1. e4 g6 2. d4 Bg7 3. Nc3 d6 4. Be3 a6 5. Qd2 b5 6. O-O-O Bb7 7. f3 Nd7 8. h4 h6 9. Nh3 c5 10. dxc5 dxc5 11. Nf4 Qc7 12. Nfd5 Qc6 13. Nxb5 axb5 14. Bxb5 Rxa2 15. c3 Qd6 16. Bf4 Be5 17. Bxe5 Qxe5 18. Nb6 Ba6 19. Qxd7+ Kf8 20. Bxa6 Nf6 21. Qb5 Kg7 22. Kb1 Qe6 23. Na4 Rxa4 24. Qxa4 Ra8 25. Bc4 Rxa4 26. Bxe6 fxe6 27. Kc2 Ra7 28. Ra1 Rc7 29. Rhd1 g5 30. hxg5 hxg5 31. c4 Nd7 32. Kc3 Kf6 33. g3 Ne5 34. f4 Nc6 35. Ra8 Rb7 36. Rc8 Rb6 37. Rd2 g4 38. Rh2 Kg7 39. Rxc6 Rxc6 40. Rh4 e5 41. Rxg4+ Kf7 42. Rg5 exf4 43. gxf4 e6 44. b3 Ke7 45. Rg7+ Kf6 46. Rg5 Rc8 47. Rh5 Ke7 48. e5 Rg8 49. Rh7+ Kd8 50. Rf7 Rg3+ 51. Kb2 Rf3 52. Ka3 Kc8 53. Ka4 Kd8 54. Ra7 Rxf4 55. Ra5 Kc7 56. Rxc5+ Kb6 57. Rb5+ 1-0


[Site "http://www.Chess.com"]

[Event "FIDE World Rapid Chess Championship 2021"]
[White "Gagunashvili, Merab"]
[Black "Cuenca Jimenez, Jose Fernando"]
[WhiteFideId "13601652"]
[BlackFideId "2255570"]
[WhiteElo "2538"]
[BlackElo "2421"]
[Result "1/2-1/2"]
[Round "06"]
[TimeControl "900+10"]
[Date "2021.12.27"]
[WhiteClock "0:04:04"]
[BlackClock "0:01:16"]

1. e4 e5 2. Nf3 Nc6 3. Bc4 Nf6 4. d3 h6 5. O-O d6 6. c3 g5 7. Re1 g4 8. Nfd2 h5 9. Nf1 h4 10. Bg5 Rh5 11. Bxf6 Qxf6 12. Na3 Bd7 13. Ne3 Qg6 14. d4 O-O-O 15. Bb5 g3 16. d5 gxf2+ 17. Kxf2 Ne7 18. Bxd7+ Rxd7 19. Qg4 Rg5 20. Qf3 f5 21. exf5 Nxf5 22. Qh3 Kb8 23. Kg1 Nxe3 24. Rxe3 Rg7 25. Re2 Be7 26. Rf1 a6 27. Nb1 Rg4 28. Nd2 Qc2 29. Qf3 Qxb2 30. Ne4 Qb5 31. Rd2 Rf4 32. Qe2 Rxf1+ 33. Qxf1 Qxf1+ 34. Kxf1 Rg4 35. Re2 b5 36. g3 hxg3 37. hxg3 Kb7 38. Kf2 c6 39. Kf3 Rg7 40. dxc6+ Kxc6 41. g4 d5 42. Nf2 Bf6 43. Nd1 Rh7 44. Kg3 Kd6 45. Ne3 Rc7 46. Nd1 Bg5 47. Rf2 Bf4+ 48. Kf3 Rh7 49. Rg2 Rh3+ 50. Ke2 Bg5 51. Rf2 Rg3 52. Rf8 Rxg4 53. Rg8 Re4+ 54. Kd3 Bf6 55. Ne3 Ra4 56. Rg6 Rf4 57. Rg8 e4+ 58. Kd2 Rf2+ 59. Ke1 Rf3 60. Ke2 Bxc3 61. Rd8+ Ke6 62. Nxd5 Be5 63. Ne3 Bf4 64. Re8+ Kd7 65. Rxe4 Rxe3+ 66. Rxe3 Bxe3 67. Kxe3 Kc6 68. Kd4 a5 69. Kc3 Kd5 70. Kd3 Kc5 71. Kc3 b4+ 72. Kb3 Kb5 73. a3 a4+ 74. Kb2 b3 75. Kc3 Kc5 76. Kb2 Kc4 77. Kb1 Kd3 78. Kb2 Kd2 79. Kb1 Kc3 80. Kc1 b2+ 81. Kb1 Kb3 1/2-1/2


[Site "http://www.Chess.com"]

[Event "FIDE World Rapid Chess Championship 2021"]
[White "Klekowski, Maciej"]
[Black "Blohberger, Felix"]
[WhiteFideId "1132717"]
[BlackFideId "1632051"]
[WhiteElo "2528"]
[BlackElo "2409"]
[Result "1/2-1/2"]
[Round "06"]
[TimeControl "900+10"]
[Date "2021.12.27"]
[WhiteClock "0:00:33"]
[BlackClock "0:00:39"]

1. c4 b6 2. Nf3 Bb7 3. d4 e6 4. a3 Nf6 5. Nc3 d5 6. cxd5 Nxd5 7. e3 Be7 8. Bb5+ c6 9. Bd3 O-O 10. e4 Nxc3 11. bxc3 c5 12. O-O Bf6 13. Be3 cxd4 14. cxd4 Nc6 15. Bb1 g6 16. Ra2 Qd7 17. Qe2 Rac8 18. Rd1 Rfd8 19. h4 Na5 20. Bg5 Qe7 21. Qe3 Nc4 22. Qb3 Bxg5 23. hxg5 Rc7 24. Rc2 Rdc8 25. Rdc1 Na5 26. Qd3 Rxc2 27. Rxc2 Rxc2 28. Bxc2 Qd6 29. g3 a6 30. Qc3 Nc6 31. Bd3 b5 32. Be2 Ne7 33. Bd3 Nc6 34. Bc2 a5 35. Qd3 b4 36. a4 Ne7 37. Qb5 Qc6 38. Qxa5 Qxc2 39. Qd8+ Kg7 40. Qxe7 Qxe4 1/2-1/2


[Site "http://www.Chess.com"]

[Event "FIDE World Rapid Chess Championship 2021"]
[White "Jakubowski, Krzysztof"]
[Black "Lima, Darcy"]
[WhiteFideId "1112848"]
[BlackFideId "2100045"]
[WhiteElo "2399"]
[BlackElo "2505"]
[Result "1/2-1/2"]
[Round "06"]
[TimeControl "900+10"]
[Date "2021.12.27"]
[WhiteClock "0:00:26"]
[BlackClock "0:01:08"]

1. e4 e5 2. Nf3 Nc6 3. Bc4 Nf6 4. d3 Be7 5. O-O O-O 6. Re1 d6 7. c3 Nd7 8. d4 Bf6 9. h3 Nb6 10. Bf1 Re8 11. d5 Ne7 12. c4 Ng6 13. Nc3 Nh4 14. Be3 Nxf3+ 15. Qxf3 Bg5 16. b4 a5 17. Bxg5 Qxg5 18. c5 axb4 19. Nb5 dxc5 20. Nxc7 Bd7 21. Nxa8 Rxa8 22. a3 Qd2 23. axb4 Rxa1 24. Rxa1 Qxb4 25. Ra7 Nc8 26. Ra8 Kf8 27. Qe3 f6 28. Be2 Ke7 29. Bg4 Bxg4 30. hxg4 Nd6 31. g5 Nxe4 32. gxf6+ Kxf6 33. Re8 Qd4 34. Qf3+ Kg5 35. Re7 g6 36. Rxh7 Qxd5 37. Qe3+ Kf6 38. Qf3+ Kg5 39. Qe3+ Kf6 40. Kh2 Ng5 41. Rc7 Ne6 42. Rh7 Ng5 43. Rc7 Ne6 44. Rh7 1/2-1/2


[Site "http://www.Chess.com"]

[Event "FIDE World Rapid Chess Championship 2021"]
[White "Nguyen, Thai Dai Van"]
[Black "Thybo, Jesper Sondergaard"]
[WhiteFideId "358878"]
[BlackFideId "1438832"]
[WhiteElo "2488"]
[BlackElo "2401"]
[Result "1-0"]
[Round "06"]
[TimeControl "900+10"]
[Date "2021.12.27"]
[WhiteClock "0:00:58"]
[BlackClock "0:01:02"]

1. e4 e5 2. Nf3 Nc6 3. Bb5 Nf6 4. d3 Bc5 5. Ba4 O-O 6. O-O d6 7. c3 Ne7 8. h3 Ng6 9. Nbd2 c6 10. d4 Bb6 11. Re1 Re8 12. Bc2 Bc7 13. Nf1 d5 14. Bg5 dxe4 15. Bxe4 h6 16. Bxf6 Qxf6 17. Bxg6 Qxg6 18. Nxe5 Bxe5 19. Qf3 Qg5 20. Rad1 Qf6 21. Qh5 Be6 22. dxe5 Qe7 23. a3 Bb3 24. Rd4 Rad8 25. Ng3 Be6 26. Ne4 Rxd4 27. cxd4 Rd8 28. Nd6 Bxh3 29. Nxf7 Qxf7 30. Qxh3 Rxd4 31. Qc8+ Kh7 32. e6 Qe7 33. Qb8 a6 34. Qe5 Rd5 35. Qb8 Rd8 36. Qf4 Rd5 37. g3 a5 38. Kg2 Rd8 39. Re5 Kh8 40. Qe3 Re8 41. f4 a4 42. Kh3 Rd8 43. Qf3 Rd2 44. Re2 Rxe2 45. Qxe2 g6 46. Qe5+ Kg8 47. g4 b5 48. f5 gxf5 49. gxf5 Qg5 50. e7 Qh5+ 51. Kg3 Qg5+ 52. Kh3 Qh5+ 53. Kg3 Qg5+ 54. Kf3 Qh5+ 55. Ke3 Qh3+ 56. Kd4 1-0


[Site "http://www.Chess.com"]